 Dungeon Crawl Stone Soup version 0.29.1-14-g9c671dbff4 (webtiles) character file.

Game seed: 14510969091659556978

2 Heoruswealwe the Caller (level 1, -1/10 HPs)
             Began as a Deep Elf Summoner on Feb 19, 2023.
             Slain by a quokka (4 damage)
             ... on level 1 of the Dungeon.
             The game lasted 00:01:29 (69 turns).

Heoruswealwe the Caller (Deep Elf Summoner)           Turns: 69, Time: 00:01:29

Health: -1/10      AC:  2    Str:  5    XL:     1   Next: 25%
Magic:  6/6        EV: 12    Int: 19    God:
Gold:   0          SH:  0    Dex: 15    Spells: 5/6 levels left

rFire   . . .      SeeInvis .   d - +0 mace
rCold   . . .      Faith    .   (no shield)
rNeg    . . .      Spirit   .   a - +0 robe
rPois   .          Reflect  .   (no helmet)
rElec   .          Harm     .   (no cloak)
rCorr   .          Rampage  .   (no gloves)
Will    .....                   (no boots)
Stlth   ++........              (no amulet)
HPRegen 0.03/turn               (no ring)
MPRegen 0.10/turn               (no ring)

@: no status effects
A: no striking features
a: no special abilities


You were on level 1 of the Dungeon.
You visited 1 branch of the dungeon, and saw 1 of its levels.

Inventory:

Hand Weapons
 d - a +0 mace (weapon)
Missiles
 c - 4 stones
Armour
 a - a +0 robe (worn)
Potions
 b - a potion of magic


   Skills:
 - Level 2.4 Dodging
 - Level 2.4 Stealth
 + Level 3.1 Spellcasting
 + Level 4.4 Summonings


You had 5 spell levels left.
You knew the following spells:

 Your Spells              Type           Power      Damage    Failure   Level
a - Summon Small Mammal   Summ           76%        N/A       2%          1

Your spell library contained the following spells:

 Spells                   Type           Power      Damage    Failure   Level
 Call Imp                 Summ           19%        N/A       3%          2
 Call Canine Familiar     Summ           19%        N/A       8%          3
 Summon Guardian Golem    Hex/Summ       11%        N/A       19%         3
 Summon Lightning Spire   Summ/Air       11%        N/A       52%         4


Dungeon Overview and Level Annotations

Branches:
Dungeon (1/15)

Altars:


Message History

The quokka barely misses your quokka.
Your quokka closely misses the hobgoblin.
The hobgoblin misses you. The quokka closely misses your quokka.
d - a +0 mace (weapon)
You hit the hobgoblin but do no damage.
The hobgoblin is almost dead.
Your quokka barely misses the hobgoblin.
The quokka completely misses your quokka.
The hobgoblin closely misses you.
Your quokka barely misses the hobgoblin.
The quokka bites your quokka.
You barely miss the hobgoblin.
The hobgoblin is almost dead.
The hobgoblin misses you.
Your quokka bites the hobgoblin.
The hobgoblin dies!
Your quokka closely misses the quokka.
The quokka completely misses you.
You closely miss the quokka.
Your quokka closely misses the quokka.
The quokka misses you.
You hit the quokka.
The quokka is lightly wounded.
Your quokka closely misses the quokka.
The quokka misses you.
Your quokka barely misses the quokka.
The quokka bites you.
You miss the quokka.
The quokka is lightly wounded.
Your quokka bites the quokka but does no damage.
The quokka closely misses you.
Your quokka closely misses the quokka.
The quokka barely misses you.
You barely miss the quokka.
The quokka is lightly wounded.
Your quokka bites the quokka.
The quokka barely misses you.
Your quokka barely misses the quokka.
You closely miss the quokka.
The quokka is heavily wounded.
The quokka closely misses you.
Your quokka barely misses the quokka.
The quokka bites you.
* * * LOW HITPOINT WARNING * * *
You barely miss the quokka.
The quokka is heavily wounded.
Your quokka closely misses the quokka.
The quokka bites you.
You die...

#. .$. #$. # #..# ##
####..############
..
.................# .
..........rr@.#
#######........####
#...........?...#
#........#...##?###
...........#.##...#
...>............#.#
#..........#.##...#
#........#...# ##..#
#...................


You could see a quokka (ally target) and a friendly quokka (summoned).

Vanquished Creatures (collateral kills)
  A hobgoblin (D:1)
  A rat (D:1)
2 creatures vanquished.

Notes
Turn   | Place    | Note
-------+----------+-------------------------------------------
     0 | D:1      | Heoruswealwe the Deep Elf Summoner began the quest for the
                  | Orb.
     0 | D:1      | Reached XP level 1. HP: 10/10 MP: 6/6
    69 | D:1      | Slain by a quokka

Illustrated notes

Levels and vault maps discovered:
D:1:      dpeg_arrival_long_road, layout_rooms, minmay_distorted

Action                   || total
-------------------------++-------
Melee: Mace              ||     8
 Cast: Summon Small Mamm ||     5
Dodge: Dodged            ||    12
